 Dungeon Crawl Stone Soup version 0.28-a0-1356-g2ad6d04315 (webtiles) character file.

Game seed: 9931868400009880430

16 ryw the Skirmisher (level 2, 0/26 HPs)
             Began as a Demigod Fighter on Dec 31, 2021.
             Slain by Sigmund (7 damage)
             ... on level 2 of the Dungeon.
             The game lasted 00:01:03 (1019 turns).

ryw the Skirmisher (Demigod Fighter)                Turns: 1019, Time: 00:01:03

Health: 0/26       AC:  6    Str: 17    XL:     2   Next: 27%
Magic:  4/4        EV:  9    Int: 10    God:
Gold:   34         SH:  4    Dex: 13    Spells: 1/1 levels left

rFire   . . .      SeeInvis .   a - +0 war axe
rCold   . . .      Faith    .   c - +0 buckler
rNeg    . . .      Spirit   .   b - +0 scale mail
rPois   .          Reflect  .   (no helmet)
rElec   .          Harm     .   (no cloak)
rCorr   .          Rampage  .   (no gloves)
Will    .....                   (no boots)
Stlth   ..........              (no amulet)
HPRegen 0.08/turn               (no ring)
MPRegen 0.09/turn               (no ring)

@: no status effects
A: high mp 1, forlorn, divine attributes
a: no special abilities


You were on level 2 of the Dungeon.
You visited 1 branch of the dungeon, and saw 2 of its levels.

You collected 34 gold pieces.

Inventory:

Hand Weapons
 a - a +0 war axe (weapon)
Armour
 b - a +0 scale mail (worn)
 c - a +0 buckler (worn)
Scrolls
 e - a scroll of identify {unknown}
Potions
 d - a potion of might
 f - a potion of ambrosia {unknown}
 g - 2 potions of curing {unknown}
 h - 2 potions of degeneration {unknown}
 i - a potion of heal wounds {unknown}


   Skills:
 + Level 3.0 Fighting
 * Level 2.5 Axes
 - Level 2.6 Armour
 - Level 2.6 Shields


You had one spell level left.
You didn't know any spells.
Your spell library contained the following spells:

 Spells                   Type           Power      Damage    Failure   Level
 Foxfire                  Conj/Fire      0%         2x1d4     83%         1
 Conjure Flame            Conj/Fire      0%         6-21      99%         3
 Inner Flame              Hex/Fire       0%         N/A       99%         3
 Flame Wave               Conj/Fire      0%         2d4       100%        4


Dungeon Overview and Level Annotations

Branches:
Dungeon (2/15)

Annotations:
D:2 Sigmund


Innate Abilities, Weirdness & Mutations

You have an increased reservoir of magic. (+10% MP)
You shall have no god before yourself.
Your divine heritage dramatically boosts your attributes as you level up.


Message History

Done exploring.
Done exploring.
Done exploring.
You see here a rat corpse.
There is a stone staircase leading down here.
You climb downwards.
Found a book of Flames.
There is a stone staircase leading up here.
Unknown command.
You pick up a book of Flames and begin reading...
You add the spells Foxfire, Conjure Flame, Inner Flame and Flame Wave to your library.
Sigmund the Dreaded comes into view.
He is wielding a +0 scythe.
Found a ring mail and a scroll labelled WESMEO QUSIYMN.
Sigmund gestures at you while chanting.
You are confused.
You hear an angry hiss.
You are too confused!
You are too confused!
You are too confused!
You are too confused!
Unknown command.
A ball python comes into view.
The ball python hisses angrily.
You closely miss Sigmund.
You feel less confused. Sigmund casts a spell at you.
The puff of flame hits you! Sigmund hits you with a +0 scythe.
You barely miss Sigmund. Sigmund misses you.
You hit Sigmund.
Sigmund is moderately wounded.
Sigmund hits you with a +0 scythe.
* * * LOW HITPOINT WARNING * * *
Unknown command.
You slash Sigmund!
Sigmund is heavily wounded.
Unknown command.
You closely miss Sigmund.
Sigmund is heavily wounded.
Sigmund hits you with a +0 scythe!
You die...

#.# #.# #<#
#.# #.# #.#
##.##
#...####
#....@.#
........##@#
#####.### S#
#. .# #. ..
.. .. #. ...
?..


You could see Sigmund and a ball python.

Vanquished Creatures
  A dart slug (D:1)
  A bat (D:1)
  3 endoplasms (D:1)
  A goblin (D:1)
  A hobgoblin (D:1)
  A quokka (D:1)
  2 ball pythons (D:1)
  A kobold (D:1)
  2 rats (D:1)
13 creatures vanquished.

Notes
Turn   | Place    | Note
-------+----------+-------------------------------------------
     0 | D:1      | ryw the Demigod Fighter began the quest for the Orb.
     0 | D:1      | Reached XP level 1. HP: 18/18 MP: 3/3
   519 | D:1      | Reached XP level 2. HP: 25/25 MP: 4/4
   813 | D:1      | Reached skill level 3 in Fighting
  1009 | D:2      | Noticed Sigmund
  1019 | D:2      | Slain by Sigmund

Illustrated notes

Levels and vault maps discovered:
D:1:      giann_forest_graveyard, layout_loops_ring,
          shapermc_ecumenical_altar_mp_highgroup, minmay_crystal_water,
          hangedman_decor_diamond_cutter
D:2:      layout_loops_ring, wad_floor_pattern_untrapped, uniq_sigmund,
          uniq_terence

Skill      XL: |  1  2 |
---------------+-------+-----
Axes           | 2 |  2.5
Fighting       | 3 |  3.0
Armour         | |  2.6
Shields        | |  2.6

Action                   || total
-------------------------++-------
Melee: War axe           ||    35
Armor: Scale mail        ||    17
Dodge: Dodged            ||    13
Block: Buckler           ||     6

Table legend: (Time is in decaauts)
 A = Elapsed time spent in this place.
 B = Non-inter-level travel time spent in this place.
 C = Inter-level travel time spent in this place.
 D = Time resting spent in this place.
 E = Time spent auto-exploring this place.
 F = Levels seen in this place.
 G = Mean time per level.
                   A        B        C        D        E       F      G
               +--------+--------+--------+--------+--------+-----+--------+
         Total |   1034 |   1004 |     30 |    100 |    783 |   2 |  517.0 |
       Dungeon |   1034 |   1004 |     30 |    100 |    783 |   2 |  517.0 |
               +--------+--------+--------+--------+--------+-----+--------+

Top non-repeatable levels by time:
     D:1: 1014 daAuts
     D:2: 20 daAuts
